 Dungeon Crawl Stone Soup version 0.19.5 (webtiles) character file.

2498 equalderp2856 the Covert (level 9, -11/28 HPs)
             Began as a Felid Ice Elementalist on Apr 1, 2017.
             Killed from afar by a wretched star (39 damage)
             ... with an orb of energy
             ... on level 2 of the Abyss.
             The game lasted 01:30:19 (30729 turns).

equalderp2856 the Covert (Felid Ice Elementalist)  Turns: 30729, Time: 01:30:20

Health: -11/28     AC:  2    Str:  4 (5)  XL:     9   Next: 28%
Magic:  18/18      EV: 23    Int: 14 (15) God:
Gold:   398        SH:  0    Dex: 19      Spells: 7 memorised, 2 levels left
                                        Lives:  0   Deaths: 2

rFire  . . .     SeeInvis +       - Unarmed
rCold  . . .     Gourm    .     (armour unavailable)
rNeg   . . .     Faith    .     (shield unavailable)
rPois  .         Spirit   .     (helmet unavailable)
rElec  .         Reflect  .     (cloak unavailable)
rCorr  .         Harm     .     (gloves unavailable)
MR     +....                    (boots unavailable)
Stlth  ++........               (no amulet)
                                t - ring of flight
                                p - +2 ring of slaying

@: confused, quick
A: no armour, no weapons or thrown items, stealth, claws 1, fangs 3, see
invisible, agile 1, carnivore 3, deterioration 2, dopey 1, speed 1, frail 3, low
mp 1, shaggy fur 2, slow metabolism 1, weak 1, no device heal 1, subdued magic
1, sharp paws
a: Evoke Flight


You were on level 2 of the Abyss.
You were very hungry.

You visited 2 branches of the dungeon, and saw 10 of its levels.
You visited the Abyss 1 time.

You collected 536 gold pieces.
You spent 138 gold pieces at shops.

Inventory:

Hand Weapons
 l - the +5 rapier of Reinforcement {flame, rF+, unknown}
   (You found it on level 1 of the Abyss)

   It has been specially enchanted to burn those struck by it, causing extra
   injury to most foes and up to half again as much damage against particularly
   susceptible opponents.
   It protects you from fire.
Jewellery
 p - a +2 ring of slaying (left paw)
 t - a ring of flight (right paw)
 w - an uncursed ring of stealth {unknown}
Wands
 k - a wand of iceblast (9/15)
 v - a wand of teleportation (9/9)
Scrolls
 c - 4 scrolls of identify
 g - 6 scrolls of remove curse
 j - 2 scrolls of fear
 m - a scroll of vulnerability {unknown}
 y - 3 scrolls of blinking
Potions
 d - 2 potions of ambrosia
 h - 3 potions of curing
 o - a potion of heal wounds
 q - 2 potions of agility
 s - a potion of degeneration
 u - a potion of flight
 x - 3 potions of lignification
Books
 a - a book of Frost

   Spells                             Type                      Level
   a - Freeze                         Ice                          1
   b - Throw Frost                    Conjuration/Ice              2
   c - Ozocubu's Armour               Charms/Ice                   3
   d - Throw Icicle                   Conjuration/Ice              4
   e - Summon Ice Beast               Ice/Summoning                4
 e - a book of Geomancy

   Spells                             Type                      Level
   a - Sandblast                      Earth                        1
   b - Passwall                       Transmutation/Earth          2
   c - Stone Arrow                    Conjuration/Earth            3
   d - Petrify                        Transmutation/Earth          4
   e - Lee's Rapid Deconstruction     Earth                        5
 i - a book of Misfortune

   Spells                             Type                      Level
   a - Confusing Touch                Hexes                        1
   b - Confuse                        Hexes                        3
   c - Gell's Gravitas                Hexes/Translocation          3
   d - Petrify                        Transmutation/Earth          4
   e - Metabolic Englaciation         Hexes/Ice                    5
   f - Yara's Violent Unravelling     Hexes/Transmutation          5
 n - a book of Power

   Spells                             Type                      Level
   a - Fulminant Prism                Conjuration/Hexes            4
   b - Iskenderun's Mystic Blast      Conjuration                  4
   c - Venom Bolt                     Conjuration/Poison           5
   d - Bolt of Magma                  Conjuration/Fire/Earth       5
   e - Iron Shot                      Conjuration/Earth            6
   f - Orb of Destruction             Conjuration                  7
   g - Spellforged Servitor           Conjuration/Summoning        7
Comestibles
 b - a meat ration
 f - 2 slices of pizza
 r - 3 beef jerkies


   Skills:
 - Level 5.0 Fighting
 - Level 6.6 Dodging
 - Level 11.0 Stealth
 - Level 7.0 Unarmed Combat
 * Level 7.0 Spellcasting
 - Level 5.2 Conjurations
 - Level 5.9 Hexes
 - Level 0.8 Summonings
 - Level 2.6 Ice Magic
 - Level 2.5 Earth Magic


You had 2 spell levels left.
You knew the following spells:

 Your Spells              Type           Power        Failure   Level  Hunger
a - Freeze                Ice            #...         4%          1    None
b - Throw Frost           Conj/Ice       ##....       3%          2    #......
c - Confusing Touch       Hex            ###...       1%          1    None
d - Stone Arrow           Conj/Erth      ##....       8%          3    ##.....
e - Summon Ice Beast      Ice/Summ       #.......     67%         4    ####...
f - Passwall              Tmut/Erth      #.........   12%         2    #......
g - Spellforged Servitor  Conj/Summ      ##........   100%        7    #######


Dungeon Overview and Level Annotations

Branches:
Dungeon (9/15)             Temple (1/1) D:4
   Lair: D:8-11         Orc: D:9-12

Altars:
Ashenzari
Cheibriados
Dithmenos
Elyvilon
Fedhas
Gozag
Hepliaklqana
Kikubaaqudgha
Makhleb
Nemelex Xobeh
Okawaru
Ru
Sif Muna
Trog
Uskayaw
Vehumet
Xom
Yredelemnul
Zin
The Shining One

Shops:
D:8 !


Innate Abilities, Weirdness & Mutations

You cannot wear armour.
You are incapable of wielding weapons or throwing items.
Your paws allow you to move quietly. (Stealth)
You have sharp claws.
You have razor-sharp teeth.
You have supernaturally acute eyesight. (SInv)
You are carnivorous and can eat meat at any time.
You cover ground quickly.
You are covered in thick fur. (AC +2)
You have a slow metabolism.
Your sharp claws are effective at attacking unaware monsters.
You are agile. (Dex +2)
Your body often deteriorates upon taking damage.
You are dopey. (Int -2)
You are extremely frail. (-30% HP)
Your magical capacity is low. (-10% MP)
You are weak. (Str -2)
Potions and wands are less effective at restoring your health.
Your spells are a little easier to cast, but a little less powerful.


Message History

You're too confused to move!
The golden eye blinks at you.
You are more confused.
You scratch the golden eye.
The golden eye is heavily wounded.
The golden eye blinks at you. You resist with almost no effort.
You scratch the golden eye.
The golden eye is almost dead.
You claw the golden eye!
You kill the golden eye!
Your Spellcasting skill increases to level 7!
You bump into the rock wall.
You miss the wretched star.
You bump into the rock wall.
You bump into the rock wall.
The wretched star glows turbulently.
The orb of energy hits you!
Ouch! That really hurt!
You die...

# . .. . . #
#... . ## ##
.♣. . .. .♣.∩
. ##.###..♣
#...#... #
#...# ## G #
##.## # . #
##..@###.#
#....#*....#
####...#####
#
##.......*..#
##########


You could see a wretched star.

Vanquished Creatures
  A hill giant (D:8)
  Pikel (D:8)
  The ghost of Wander the Shooter, a novice HuWn (D:4)
  A troll (D:8)
  A hornet (D:8)
  A wyvern (D:8)
  A yak (D:7)
  Eustachio (D:4)
  2 golden eyes (Abyss:2)
  Menkaure (D:6)
  2 porcupines (D:8)
  2 sky beasts
  2 orc warriors
  3 phantoms
  2 ice beasts
  2 black bears
  4 ogres
  4 centaurs
  A crocodile (D:7)
  6 bullfrogs
  Blork the orc (D:5)
  2 scorpions (D:7)
  5 killer bees
  A howler monkey (D:5)
  2 bullfrog zombies
  3 crimson imps
  A jelly (D:8)
  A quasit (D:6)
  3 centaur skeletons
  6 orc priests
  9 hounds
  2 bullfrog skeletons
  6 orc wizards
  3 iguanas
  4 worker ants
  A hound zombie (D:7)
  2 hound skeletons
  8 gnolls (D:5)
  18 adders
  5 river rats
  2 shadow imps (D:5)
  2 oozes
  An adder zombie (D:5)
  2 worms
  5 leopard geckos
  20 orcs
  7 bats
  7 giant cockroaches
  11 goblins
  3 hobgoblins
  10 jackals
  6 quokkas
  3 ball pythons
  5 frilled lizards
  A giant cockroach zombie (D:6)
  10 kobolds
  A leopard gecko zombie (D:5)
  A quokka skeleton (D:8)
  8 rats
227 creatures vanquished.

Vanquished Creatures (others)
  2 eldritch tentacles (D:5)
  A centaur (D:8)
  An orc priest (D:8)
  2 orc wizards (D:8)
  4 orcs (D:8)
  7 starspawn tentacles (Abyss:2)
17 creatures vanquished.

Grand Total: 244 creatures vanquished

Notes
Turn   | Place    | Note
-------+----------+-------------------------------------------
     0 | D:1      | equalderp2856 the Felid Ice Elementalist began the quest for the Orb.
     0 | D:1      | Reached XP level 1. HP: 7/7 MP: 4/4
   302 | D:1      | Reached skill level 1 in Unarmed Combat
   431 | D:1      | Reached skill level 3 in Stealth
   444 | D:1      | Reached XP level 2. HP: 12/12 MP: 6/6
   814 | D:2      | Reached skill level 1 in Fighting
   840 | D:2      | Learned a level 2 spell: Throw Frost
  1056 | D:2      | Reached skill level 1 in Conjurations
  1056 | D:2      | Reached XP level 3. HP: 14/15 MP: 5/7
  1203 | D:2      | Reached skill level 4 in Stealth
  1355 | D:2      | Found an iron altar of Okawaru.
  1726 | D:2      | Learned a level 1 spell: Confusing Touch
  1787 | D:2      | Reached XP level 4. HP: 19/19 MP: 8/8
  2401 | D:3      | Found a sacrificial altar of Ru.
  2890 | D:3      | Reached XP level 5. HP: 22/22 MP: 9/9
  3337 | D:3      | Reached skill level 5 in Stealth
  3708 | D:3      | Noticed an orc warrior
  4448 | D:4      | Noticed an ogre
  4474 | D:4      | Noticed Wander's ghost (novice HuWn)
  4559 | D:5      | Entered Level 5 of the Dungeon
  4609 | D:5      | Noticed an ice beast
  4765 | D:5      | Noticed a phantom
  5311 | D:4      | Killed an ogre
  5311 | D:4      | Reached skill level 1 in Hexes
  5311 | D:4      | Gained mutation: You are covered in thick fur. (AC +2) [Felid growth]
  5311 | D:4      | Reached XP level 6. HP: 26/26 MP: 0/10
  5532 | D:4      | Noticed Eustachio
  5553 | D:4      | Found a staircase to the Ecumenical Temple.
  5565 | Temple   | Entered the Ecumenical Temple
  8697 | D:5      | Reached skill level 6 in Stealth
  9124 | D:4      | Reached XP level 7. HP: 22/30 MP: 5/11
  9878 | D:5      | Reached skill level 7 in Stealth
 10578 | D:5      | Noticed Blork the orc
 11215 | D:5      | Reached XP level 8. HP: 30/34 MP: 0/12
 11461 | D:5      | Reached skill level 5 in Dodging
 12046 | D:6      | Learned a level 3 spell: Stone Arrow
 12375 | D:6      | Reached skill level 8 in Stealth
 12504 | D:6      | Reached skill level 5 in Unarmed Combat
 13066 | D:6      | Reached skill level 1 in Earth Magic
 13628 | D:6      | Noticed Menkaure
 13809 | D:7      | Reached XP level 9. HP: 39/39 MP: 13/13
 14572 | D:7      | Found a shattered altar of Ashenzari.
 14782 | D:7      | Reached skill level 9 in Stealth
 15197 | D:8      | Reached skill level 5 in Hexes
 15407 | D:8      | Identified a scroll of acquirement
 15615 | D:8      | Found a white marble altar of Elyvilon.
 15644 | D:8      | Found Ruuf Hau's Distillery.
 15652 | D:8      | Bought a potion of degeneration for 12 gold pieces
 15652 | D:8      | Bought a potion of mutation for 30 gold pieces
 15652 | D:8      | Bought a potion of heal wounds for 60 gold pieces
 15684 | D:8      | Bought a potion of lignification for 36 gold pieces
 15733 | D:8      | Noticed Pikel
 15788 | D:9      | Noticed a troll
 15791 | D:9      | Noticed a hill giant
 16017 | D:5      | Killed Blork the orc
 16901 | D:4      | Reached skill level 10 in Stealth
 17067 | D:4      | Killed Wander's ghost
 17069 | D:4      | Reached skill level 5 in Conjurations
 18629 | D:4      | Killed Eustachio
 18629 | D:4      | Reached XP level 10. HP: 43/43 MP: 4/14
 18986 | D:5      | Learned a level 4 spell: Summon Ice Beast
 18989 | D:5      | Learned a level 2 spell: Passwall
 19612 | D:5      | Gained mutation: You are frail. (-10% HP) [mutagenic glow]
 19850 | D:6      | Killed Menkaure
 20098 | D:5      | Noticed an eldritch tentacle
 20597 | D:6      | Found a blossoming altar of Fedhas.
 20830 | D:5      | Killed an eldritch tentacle
 21290 | D:5      | Gained mutation: Your mind is acute. (Int +2) [mutagenic glow]
 21995 | D:5      | Gained mutation: You are very frail. (-20% HP) [mutagenic glow]
 22528 | D:6      | Reached skill level 5 in Fighting
 22846 | D:6      | Lost mutation: Your mind is acute. (Int +2) [mutagenic glow]
 23097 | D:5      | Gained mutation: Your body sometimes deteriorates upon taking damage. [mutagenic glow]
 23437 | D:5      | Gained mutation: Your magical capacity is low. (-10% MP) [mutagenic glow]
 24382 | D:5      | Killed an eldritch tentacle
 25128 | D:5      | Noticed a Brimstone Fiend
 25202 | D:6      | Engulfed by a cloud of freezing vapour
 25203 | D:6      | Reached XP level 9. HP: -9/32 MP: 8/11
 26063 | D:6      | Reached skill level 11 in Stealth
 26493 | D:8      | Killed Pikel
 26577 | D:8      | Found a deep blue altar of Sif Muna.
 26577 | D:8      | Found a burning altar of Makhleb.
 26615 | D:8      | Killed a troll
 26691 | D:8      | Reached skill level 5 in Spellcasting
 27386 | D:8      | Gained mutation: You are weak. (Str -2) [potion of mutation]
 27386 | D:8      | Gained mutation: Your body often deteriorates upon taking damage. [potion of mutation]
 27386 | D:8      | Lost mutation: You are very frail. (-20% HP) [potion of mutation]
 27549 | D:8      | Found a snail-covered altar of Cheibriados.
 28071 | D:8      | Killed a hill giant
 28071 | D:8      | Reached XP level 10. HP: 10/39 MP: 1/18
 28406 | D:7      | Learned a level 7 spell: Spellforged Servitor
 28438 | D:7      | Gained mutation: You are very frail. (-20% HP) [mutagenic glow]
 28772 | D:7      | Gained mutation: You are agile. (Dex +2) [mutagenic glow]
 28898 | D:7      | Killed by a magical explosion
 28898 | D:7      | Gained mutation: Your spells are a little easier to cast, but a little less powerful. [mutagenic glow]
 28899 | D:7      | Reached XP level 9. HP: 0/32 MP: 14/17
 29147 | D:7      | Noticed a soul eater
 29147 | D:7      | Noticed an orange demon
 29405 | D:7      | Gained mutation: Potions and wands are less effective at restoring your health. [mutagenic glow]
 29851 | D:7      | Cast into level 1 of the Abyss (miscasting Spellforged Servitor)
 29860 | Abyss:1  | Found a corrupted altar of Lugonu.
 29864 | Abyss:1  | Got a jewelled rapier
 29866 | Abyss:1  | Gained mutation: You are extremely frail. (-30% HP) [mutagenic glow]
 29871 | Abyss:1  | Found a corrupted altar of Lugonu.
 29911 | Abyss:2  | Found a corrupted altar of Lugonu.
 29927 | Abyss:2  | Gained mutation: You are dopey. (Int -2) [mutagenic glow]
 29979 | Abyss:2  | Noticed a smoke demon
 29982 | Abyss:2  | Noticed a cacodemon
 30050 | Abyss:2  | Noticed an ancient zyme
 30109 | Abyss:2  | Noticed a tentacled starspawn
 30109 | Abyss:2  | Noticed a smoke demon
 30139 | Abyss:2  | Noticed an ancient zyme
 30161 | Abyss:2  | Noticed an ancient zyme
 30163 | Abyss:2  | Noticed a tentacled starspawn
 30169 | Abyss:2  | Found a corrupted altar of Lugonu.
 30171 | Abyss:2  | Noticed a worldbinder
 30176 | Abyss:2  | Noticed a wretched star
 30203 | Abyss:2  | Noticed a spatial maelstrom
 30205 | Abyss:2  | Noticed a thrashing horror
 30281 | Abyss:2  | Noticed an unseen horror
 30281 | Abyss:2  | Noticed an unseen horror
 30289 | Abyss:2  | Noticed a tentacled starspawn
 30292 | Abyss:2  | Noticed a freezing wraith
 30717 | Abyss:2  | Noticed a wretched star
 30729 | Abyss:2  | Killed from afar by a wretched star

Skill      XL: |  1  2  3  4  5  6  7  8  9 10 |
---------------+-------------------------------+-----
Unarmed Combat | 1 2 3 4 5 6 7 |  7.0
Stealth        | 3 4 5 6 7 8 11 | 11.0
Fighting       | 1 2 3 4 5 |  5.0
Dodging        | 3 4 5 6 |  6.6
Conjurations   | 1 2 3 4 5 |  5.2
Hexes          | 1 2 3 4 5 |  5.9
Earth Magic    | 1 2 |  2.5
Spellcasting   | 7 |  7.0
Summonings     | |  0.8
Ice Magic      | |  2.6

Action                   |  1- 3 |  4- 6 |  7- 9 | 10-12 || total
-------------------------+-------+-------+-------+-------++-------
Melee: Unarmed           |    31 |   116 |   374 |    24 ||   545
       Bite              |     1 |    16 |    39 |     1 ||    57
       Punch             |       |     4 |     7 |     1 ||    12
 Cast: Freeze            |    20 |    45 |    69 |     4 ||   138
       Throw Frost       |     8 |    33 |   108 |    14 ||   163
       Confusing Touch   |       |    21 |    59 |     2 ||    82
       Stone Arrow       |       |       |    51 |     8 ||    59
       Summon Ice Beast  |       |       |     3 |     8 ||    11
       Passwall          |       |       |       |     1 ||     1
  Use: Scroll            |       |     5 |     8 |       ||    13
       Potion            |       |       |     3 |     1 ||     4
 Stab: Sleeping          |     8 |     6 |    22 |       ||    36
       Confused          |       |    10 |    30 |     2 ||    42
       Distracted        |       |       |     2 |       ||     2
  Eat: Chunk             |     6 |    12 |    40 |     3 ||    61
       Royal jelly       |       |       |     1 |       ||     1
       Beef jerky        |       |       |     1 |       ||     1
       Meat ration       |       |       |       |     6 ||     6
       Pizza             |       |       |       |     2 ||     2
Armor: Skin              |     2 |     7 |    11 |     1 ||    21
Dodge: Dodged            |    23 |   119 |   246 |    27 ||   415
